 Dungeon Crawl Stone Soup version 0.20.1-1-g8b1a95d (webtiles) character file.

7372 Liatris the Cleaver (level 10, -5/79 HPs)
             Began as a Demonspawn Abyssal Knight on Aug 11, 2017.
             Was an Elder of Lugonu.
             Slain by an ogre
             ... wielding a +0 giant club
              (10 damage)
             ... on level 9 of the Dungeon.
             The game lasted 01:05:00 (11573 turns).

Liatris the Cleaver (Demonspawn Abyssal Knight)    Turns: 11573, Time: 01:05:00

Health: -5/79      AC: 16    Str: 17    XL:     10   Next: 91%
Magic:  10/10      EV:  6    Int: 13    God:    Lugonu [****..]
Gold:   511        SH:  0    Dex: 18    Spells: 9/9 levels left

rFire    . . .     SeeInvis .   s - +2 hand axe (elec)
rCold    . . .     Gourm    .   (no shield)
rNeg     . . .     Faith    .   e - +0 plate armour
rPois    .         Spirit   .   (helmet restricted)
rElec    .         Reflect  .   g - +0 cloak
rCorr    .         Harm     .   o - +0 pair of gloves
MR       +....     Rnd*Rage +   (no boots)
Stlth    ++........             (no amulet)
Regen    0.3/turn               u - ring of stealth
MPRegen  0.2/turn               m - ring of protection from magic

@: no status effects
A: horns 2, thin skeletal structure 2, berserk 1, low mp 1, nightstalker 2,
strong 1, rot immunity
a: Depart the Abyss, Bend Space, Banish, Corrupt, Renounce Religion


You were on level 9 of the Dungeon.
You worshipped Lugonu.
Lugonu was greatly pleased with you.
You were hungry.

You visited 3 branches of the dungeon, and saw 11 of its levels.
You visited the Abyss 1 time.

You collected 511 gold pieces.

Inventory:

Hand Weapons
 a - a +1 falchion
 d - a +2 flail of crushing
 i - a +1 dagger of electrocution
 n - the +9 staff of Wucad Mu {channel}
   (You found it on level 8 of the Dungeon)
 q - a +1 flail of venom
 s - a +2 hand axe of electrocution (weapon)
Armour
 b - a +0 leather armour
 e - a +0 plate armour (worn)
 g - a +0 cloak (worn)
 l - a +0 helmet
 o - a +0 pair of gloves (worn)
Jewellery
 c - an uncursed ring of magical power
 m - a ring of protection from magic (right hand)
 u - a ring of stealth (left hand)
Wands
 t - a wand of lightning (2/15)
Scrolls
 f - a scroll of magic mapping
 h - 4 scrolls of remove curse
 r - a scroll of fog
Potions
 p - a potion of brilliance
Books
 k - a book of Maledictions

   Spells                             Type                      Level
   a - Corona                         Hexes                        1
   b - Ensorcelled Hibernation        Hexes/Ice                    2
   c - Confuse                        Hexes                        3
   d - Tukima's Dance                 Hexes                        3
   e - Dazzling Spray                 Conjuration/Hexes            3


   Skills:
 + Level 7.4 Fighting
 + Level 4.5(5.2) Short Blades
 + Level 3.6(4.7) Long Blades
 * Level 9.3 Axes
 + Level 8.7 Armour
 + Level 1.7 Dodging
 + Level 1.5 Stealth
 + Level 2.6 Invocations
 + Level 1.1 Evocations


You had 9 spell levels left.
You didn't know any spells.

Dungeon Overview and Level Annotations

Branches:
Dungeon (9/15)             Temple (1/1) D:5            Lair (1/6) D:8
    Orc: D:9-12

Altars:
Ashenzari
Cheibriados
Dithmenos
Elyvilon
Fedhas
Hepliaklqana
Makhleb
Nemelex Xobeh
Okawaru
Qazlal
Sif Muna
Trog
Vehumet
Yredelemnul
Zin
The Shining One

Annotations:
D:5 exclusion: statue


Innate Abilities, Weirdness & Mutations

You have a pair of horns on your head.
You have a moderately thin skeletal structure. (Dex +4, Stealth+)
You are significantly more attuned to the shadows.
You are immune to rotting.
You tend to lose your temper in combat.
Your magical capacity is low. (-10% MP)
Your muscles are strong. (Str +2)


Message History

Aiming: Lightning Bolt (will waste charges)
Press: ? - help, Shift-Dir - straight line, f - ogre
Aim: an ogre, wielding a giant club You hear a mighty clap of thunder!
The bolt of lightning hits the ogre.
The ogre is heavily wounded.
Evoking this partially-identified wand wasted a few charges.
You hear an angry hiss.
Evoke which item? (* to show all) (? for menu, Esc to quit)
Aiming: Lightning Bolt (will waste charges)
Press: ? - help, Shift-Dir - straight line, f/p - ogre
Aim: an ogre, wielding a giant club (heavily wounded)
You hear a mighty clap of thunder!
The bolt of lightning hits the ogre.
The ogre is severely wounded.
Evoking this partially-identified wand wasted a few charges.
You barely miss the ogre. You headbutt the ogre.
The ogre is severely wounded.
The ogre hits you with a giant club!
You die...

########+##
..........#
..........#
........O@#
..........#
..........#
######+####


You could see an ogre.

Vanquished Creatures
  A two-headed ogre (D:8)
  Pikel (D:6)
  The ghost of dscm the Chopper, a novice HOFi (D:6)
  Joseph (D:7)
  The ghost of bgiannan the Chopper, an amateur HOMo of Beogh (D:4)
  Grinder (D:4)
  A hornet (D:6)
  2 hippogriffs
  4 yaks
  A basilisk (D:8)
  Eustachio (D:6)
  Edmund (D:6)
  2 water moccasins
  2 sky beasts (D:8)
  3 black bears (D:7)
  3 slaves (D:6)
  A hornet zombie (D:6)
  2 ice beasts
  A necrophage (D:8)
  A phantom (D:8)
  3 centaurs
  3 wolves (D:8)
  5 ogres
  A crocodile (D:8)
  A bullfrog (D:8)
  2 scorpions
  6 killer bees (D:7)
  3 howler monkeys (D:7)
  2 crimson imps
  2 hounds
  3 jellies
  4 orc priests
  5 orc wizards
  Terence (D:2)
  2 iguanas
  6 worker ants
  A bullfrog simulacrum (D:8)
  A hound zombie (D:8)
  2 hound skeletons
  A gnoll (D:1)
  17 adders
  6 shadow imps
  A white imp (D:8)
  2 ufetubi (D:8)
  An ooze (D:2)
  3 adder zombies
  4 worms (D:2)
  4 dart slugs (D:1)
  9 leopard geckos
  32 orcs
  5 giant cockroaches
  5 goblins
  4 hobgoblins
  3 jackals (D:3)
  A quokka (D:4)
  3 ball pythons
  15 bats
  11 frilled lizards
  A jackal simulacrum (D:8)
  2 kobolds (D:2)
  A quokka skeleton (D:4)
  A quokka zombie (D:6)
  11 rats
227 creatures vanquished.

Vanquished Creatures (others)
  A slave (D:6)
  A plant (D:8)
2 creatures vanquished.

Grand Total: 229 creatures vanquished

Notes
Turn   | Place    | Note
-------+----------+-------------------------------------------
     0 | Abyss:1  | Liatris the Demonspawn Abyssal Knight began the quest for the Orb.
     0 | Abyss:1  | Reached XP level 1. HP: 18/18 MP: 2/2
     0 | D:1      | Escaped the Abyss
    65 | D:1      | Reached skill level 1 in Dodging
    65 | D:1      | Gained mutation: You have a somewhat thin skeletal structure. (Dex +2, Stealth) [demonic ancestry]
    65 | D:1      | Reached XP level 2. HP: 10/24 MP: 3/3
   306 | D:1      | Reached * piety under Lugonu
   624 | D:1      | Gained mutation: You are slightly more attuned to the shadows. [demonic ancestry]
   624 | D:1      | Reached XP level 3. HP: 29/29 MP: 4/4
  1181 | D:2      | Noticed Terence
  1209 | D:2      | Killed Terence
  1222 | D:2      | Gained mutation: You are significantly more attuned to the shadows. [demonic ancestry]
  1222 | D:2      | Reached XP level 4. HP: 13/37 MP: 5/5
  1505 | D:2      | Reached skill level 1 in Stealth
  2011 | D:2      | Found a blossoming altar of Fedhas.
  2331 | D:2      | Reached XP level 5. HP: 32/42 MP: 6/6
  2498 | D:2      | Reached ** piety under Lugonu
  3592 | D:3      | Reached XP level 6. HP: 48/48 MP: 7/7
  4055 | D:3      | Reached skill level 1 in Short Blades
  4411 | D:4      | Reached *** piety under Lugonu
  4429 | D:4      | Found a white marble altar of Elyvilon.
  4902 | D:4      | Found a shattered altar of Ashenzari.
  4912 | D:4      | Noticed Grinder
  4945 | D:4      | Killed Grinder
  4945 | D:4      | Gained mutation: You are immune to rotting. [demonic ancestry]
  4945 | D:4      | Reached XP level 7. HP: 31/55 MP: 8/8
  5149 | D:4      | Reached skill level 5 in Fighting
  5342 | D:4      | Found a basalt altar of Yredelemnul.
  5523 | D:4      | Noticed bgiannan's ghost (amateur HOMo)
  5537 | D:4      | Killed bgiannan's ghost
  5537 | D:4      | Reached skill level 5 in Armour
  5661 | D:5      | Entered Level 5 of the Dungeon
  5860 | D:5      | Gained mutation: You have a pair of small horns on your head. [demonic ancestry]
  5860 | D:5      | Reached XP level 8. HP: 62/62 MP: 9/9
  5994 | D:5      | Found a staircase to the Ecumenical Temple.
  6007 | Temple   | Entered the Ecumenical Temple
  6457 | D:5      | Gained mutation: Your magical capacity is low. (-10% MP) [potion of mutation]
  6457 | D:5      | Gained mutation: You tend to lose your temper in combat. [potion of mutation]
  6457 | D:5      | Gained mutation: Your muscles are strong. (Str +2) [potion of mutation]
  6457 | D:5      | Gained mutation: You have a pair of horns on your head. [potion of mutation]
  6791 | D:5      | Found a radiant altar of Vehumet.
  6960 | D:6      | Noticed a hippogriff
  6971 | D:6      | Killed a hippogriff
  6971 | D:6      | Reached skill level 1 in Axes
  7072 | D:6      | Noticed a hornet
  7122 | D:6      | Reached skill level 2 in Axes
  7312 | D:6      | Noticed dscm's ghost (novice HOFi)
  7334 | D:6      | Killed dscm's ghost
  7334 | D:6      | Reached skill level 3 in Axes
  7346 | D:6      | Reached XP level 9. HP: 47/69 MP: 9/9
  7347 | D:6      | Noticed Edmund
  7354 | D:6      | Killed Edmund
  7536 | D:6      | Found a glowing golden altar of the Shining One.
  7613 | D:6      | Reached skill level 4 in Axes
  7895 | D:6      | Paralysed by a hornet for 2 turns
  8046 | D:6      | Reached **** piety under Lugonu
  8127 | D:6      | Noticed Eustachio
  8127 | D:6      | Noticed Pikel
  8161 | D:6      | Killed Pikel
  8161 | D:6      | Reached skill level 5 in Axes
  8188 | D:6      | Killed Eustachio
  8242 | D:6      | Reached skill level 6 in Axes
  8817 | D:7      | Noticed Joseph
  8838 | D:7      | Killed Joseph
  8838 | D:7      | Reached skill level 7 in Axes
  8838 | D:7      | Gained mutation: You have a moderately thin skeletal structure. (Dex +4, Stealth+) [demonic ancestry]
  8838 | D:7      | Reached XP level 10. HP: 18/77 MP: 10/10
  9672 | D:7      | Found a bloodstained altar of Trog.
 10024 | D:8      | Reached skill level 8 in Axes
 10300 | D:8      | Noticed a two-headed ogre
 11377 | D:8      | Found a staircase to the Lair.
 11437 | D:8      | Killed a two-headed ogre
 11437 | D:8      | Reached skill level 9 in Axes
 11456 | D:8      | Reached skill level 1 in Evocations
 11485 | Lair:1   | Entered Level 1 of the Lair of Beasts
 11545 | D:8      | HP: 3/79 [yak (9)]
 11573 | D:9      | Slain by an ogre

Skill      XL: |  1  2  3  4  5  6  7  8  9 10 |
---------------+-------------------------------+-----
Dodging        | 1 |  1.7
Long Blades    | 2 3 |  3.6
Armour         | 2 3 4 5 6 7 8 |  8.7
Stealth        | 1 |  1.5
Fighting       | 4 5 6 7 |  7.4
Short Blades   | 2 3 4 |  4.5
Axes           | 3 7 9 |  9.3
Evocations     | 1 |  1.1
Invocations    | |  2.6

Action                   |  1- 3 |  4- 6 |  7- 9 | 10-12 || total
-------------------------+-------+-------+-------+-------++-------
Melee: Falchion          |   101 |   119 |       |       ||   220
       Dagger            |       |   244 |    98 |       ||   342
       Hand axe          |       |       |   204 |   206 ||   410
       Headbutt          |       |       |    61 |    44 ||   105
Invok: Depart the Abyss  |     1 |       |       |       ||     1
       Bend Space        |       |       |       |     2 ||     2
Evoke: Wand              |       |       |       |    12 ||    12
  Use: Scroll            |     1 |     7 |     7 |     4 ||    19
       Potion            |     1 |       |     7 |     2 ||    10
 Stab: Sleeping          |     2 |       |       |       ||     2
  Eat: Bread ration      |     1 |     1 |     3 |     1 ||     6
       Royal jelly       |       |     2 |     1 |       ||     3
       Fruit             |       |       |       |     2 ||     2
Armor: Leather armour    |    11 |       |       |       ||    11
       Plate armour      |    32 |   228 |   187 |   127 ||   574
Dodge: Dodged            |    39 |    51 |    71 |    51 ||   212
       Rpst.: Falchion   |     9 |     7 |       |       ||    16
